 Dungeon Crawl Stone Soup version 0.30-a0-367-g839099abd5 (webtiles) character file.

Game seed: 16125590335354836281

3057 riwn the Blocker (level 9, -1/72 HPs)
             Began as a Minotaur Fighter on Nov 18, 2022.
             Was a Believer of Okawaru.
             Shot with an arrow by a centaur (4 damage)
             ... on level 8 of the Dungeon.
             The game lasted 00:12:31 (6287 turns).

riwn the Blocker (Minotaur Fighter)                 Turns: 6287, Time: 00:12:31

Health: -1/72      AC: 12    Str: 25    XL:     9   Next: 57%
Magic:  8/8        EV: 12    Int:  5    God:    Okawaru [**....]
Gold:   266        SH:  9    Dex: 10    Spells: 8/8 levels left

rFire   . . .      SeeInvis .    a - +2 war axe
rCold   . . .      Faith    .    c - +0 buckler
rNeg    . . .      Spirit   .    b - +1 scale mail
rPois   .          Reflect  .    (helmet restricted)
rElec   .          Harm     .    e - +1 cloak
rCorr   .          Rampage  .    w - +0 pair of gloves
Will    .....                    (no boots)
Stlth   ..........               u - amulet of magic regeneration
HPRegen 0.32/turn                k - +4 ring of slaying
MPRegen 0.51/turn                z - ring of flight

@: flying
A: horns 2, retaliatory headbutt, talons 1, large bone plates 1, frail 1, high
MP 1
a: Renounce Religion, Heroism


You were on level 8 of the Dungeon.
You worshipped Okawaru.
Okawaru was pleased with you.
You visited 2 branches of the dungeon, and saw 9 of its levels.
You also visited: Ossuary.

You collected 405 gold pieces.
You spent 139 gold pieces at shops.

Inventory:

Hand Weapons
 a - a +2 war axe (weapon)
Missiles
 y - a throwing net (quivered)
Armour
 b - a +1 scale mail (worn)
 c - a +0 buckler (worn)
 e - a +1 cloak (worn)
 w - a +0 pair of gloves (worn)
Jewellery
 k - a +4 ring of slaying (left hand)
 q - a ring of ice
 u - an amulet of magic regeneration (around neck)
 z - a ring of flight (right hand)
Wands
 j - a wand of polymorph (8)
 m - a wand of digging (9)
 p - a wand of roots (11)
Scrolls
 r - a scroll of fear
 t - 2 scrolls of immolation
 v - 5 scrolls of teleportation
 x - a scroll of amnesia
Potions
 d - 2 potions of might
 f - a potion of berserk rage
 g - 3 potions of haste
 h - 8 potions of curing
 i - a potion of brilliance
 l - 3 potions of lignification
 n - a potion of mutation
 o - 2 potions of invisibility
 s - a potion of ambrosia
 A - 2 potions of heal wounds


   Skills:
 + Level 8.1 Fighting
 + Level 7.5 Axes
 + Level 8.0 Armour
 + Level 6.4 Dodging
 + Level 8.1 Shields


You had 8 spell levels left.
You didn't know any spells.
Your spell library contained the following spells:

 Spells                   Type           Power      Damage    Failure   Level
 Foxfire                  Conj/Fire      0%         2x1d4     80%         1
 Kiss of Death            Conj/Necr      0%         2d5       80%         1
 Sandblast                Erth           0%         2d4       80%         1
 Shock                    Conj/Air       0%         1d3       80%         1
 Passwall                 Tmut/Erth      0%         N/A       91%         2
 Sublimation of Blood     Necr           0%         N/A       91%         2
 Wereblood                Tmut           0%         N/A       91%         2
 Confusing Touch          Hex            0%         N/A       99%         3
 Gell's Gravitas          Tloc           0%         N/A       99%         3
 Portal Projectile        Hex/Tloc       0%         N/A       99%         3
 Stone Arrow              Conj/Erth      0%         3d7       99%         3
 Swiftness                Air            0%         N/A       99%         3
 Teleport Other           Tloc           0%         N/A       99%         3
 Airstrike                Air            0%         2d(0-16)  100%        4
 Dispel Undead            Necr           0%         3d6       100%        4
 Leda's Liquefaction      Hex/Erth       0%         N/A       100%        4
 Fireball                 Conj/Fire      0%         3d3       100%        5
 Freezing Cloud           Conj/Ice/Air   0%         6-21      100%        5
 Dispersal                Tloc           0%         N/A       100%        6
 Starburst                Conj/Fire      0%         6d3       100%        6
 Polar Vortex             Ice            0%         N/A       100%        9
 Call Canine Familiar     Summ           Unusable   N/A       N/A         3
 Simulacrum               Ice/Necr       Unusable   N/A       N/A         6
 Summon Hydra             Summ           Unusable   N/A       N/A         7

Dungeon Overview and Level Annotations

Branches:
Dungeon (8/15)             Temple (1/1) D:5         Ossuary (visited)
   Lair: D:8-11

Altars:
Dithmenos
Elyvilon
Fedhas
Gozag
Okawaru
Sif Muna
Trog
Uskayaw
Vehumet
Wu Jian
Xom
Zin
The Shining One

Shops:
D:3 *


Innate Abilities, Weirdness & Mutations

You have a pair of horns on your head.
You reflexively headbutt those who attack you in melee.
You have sharp toenails.
You are partially covered in large bone plates. (SH +4)
You are frail. (-10% HP)
You have an increased reservoir of magic. (+10% MP)


Message History

Unknown command.
Unknown command.
Unknown command.
Aiming: Fastroot
Press: ? - help, Shift-Dir - straight line The roots erupt in riotous growth!
Roots grab the centaur. x3
The grasping roots constrict the centaur. x3
The centaur shoots an arrow.
The arrow hits you!
The centaur shoots an arrow.
The arrow hits you!
The centaur shoots an arrow.
The arrow hits you.
The centaur shoots an arrow.
The arrow hits you but does no damage.
The centaur shoots an arrow.
The arrow hits you.
Unknown command.
Unknown command.
Unknown command.
Cleave: a) +2 war axe
Press: ? - help, Dir - move target, f - you
Okay, then.
Unknown command.
Aiming: Fastroot
Press: ? - help, Shift-Dir - straight line The roots erupt in riotous growth!
The centaur is unaffected. x3
The grasping roots constrict the centaur. x2
The grasping roots constrict the centaur!
The roots release their grip on the centaur. x2
The centaur shoots an arrow.
The arrow misses you.
The centaur shoots an arrow.
The arrow hits you!
The centaur shoots an arrow.
You block the arrow.
The centaur shoots an arrow.
The arrow hits you!
The centaur shoots an arrow.
You block the arrow.
The centaur shoots an arrow.
The arrow hits you!
* * * LOW HITPOINT WARNING * * *
The centaur shoots an arrow.
The arrow hits you!
* * * LOW HITPOINT WARNING * * *
The grasping roots constrict the centaur.
The roots release their grip on the centaur.
The centaur shoots an arrow.
The arrow closely misses you.
The centaur shoots an arrow.
The arrow hits you.
* * * LOW HITPOINT WARNING * * *
The centaur shoots an arrow.
You block the arrow.
The centaur shoots an arrow.
The arrow hits you.
You die...

≈≈
..c≈≈≈≈≈≈≈≈≈≈≈.#
≈
....≈≈≈≈≈≈≈≈≈≈.#
#.c≈≈≈≈≈≈≈≈≈≈.#
cc≈≈≈≈≈≈≈≈≈#.#
cc≈≈≈≈≈≈≈≈≈#.#
.≈≈≈≈≈≈≈≈≈...#
c≈≈≈≈≈≈≈...###
.≈≈≈≈≈≈#.###
≈≈≈≈≈...@#
≈≈≈≈###### ≈≈#


You could see 3 centaurs.

Vanquished Creatures
  Prince Ribbit (D:6)
  Sigmund (D:3)
  A wyvern (D:7)
  2 steam dragons
  3 water moccasins
  An ice beast (D:7)
  An orc warrior (D:6)
  A sky beast (D:7)
  A black bear (D:7)
  A centaur (D:8)
  2 phantoms (D:4)
  A bullfrog (D:7)
  A necrophage (D:7)
  A scorpion (D:6)
  4 killer bees (D:8)
  2 centaur zombies (Ossuary)
  2 hounds
  3 jellies
  7 orc priests
  6 iguanas
  6 orc wizards
  5 mummies (Ossuary)
  5 gnolls
  9 adders
  2 white imps
  An ufetubus (D:5)
  2 worms
  3 dart slugs
  20 orcs
  2 ball pythons
  7 bats
  6 endoplasms
  4 giant cockroaches
  A gnoll zombie (Ossuary)
  10 goblins
  4 hobgoblins
  2 quokkas
  6 frilled lizards
  A goblin zombie (Ossuary)
  A hobgoblin zombie (Ossuary)
  9 kobolds
  A kobold zombie (Ossuary)
  2 orc zombies (Ossuary)
  A rat (D:2)
152 creatures vanquished.

Vanquished Creatures (others)
  An orc wizard (D:8)
  2 orcs (D:8)
3 creatures vanquished.

Grand Total: 155 creatures vanquished

Notes
Turn   | Place    | Note
-------+----------+-------------------------------------------
     0 | D:1      | riwn the Minotaur Fighter began the quest for the Orb.
     0 | D:1      | Reached XP level 1. HP: 19/19 MP: 0/0
   230 | D:1      | Found a faded altar of an unknown god.
   297 | D:1      | Reached XP level 2. HP: 27/27 MP: 1/1
   812 | D:2      | Reached skill level 1 in Dodging
   893 | D:2      | Reached XP level 3. HP: 18/33 MP: 2/2
  1558 | D:3      | Found Vuunu's Assorted Antiques.
  1563 | D:3      | Bought 2 pink potions for 43 gold pieces
  1563 | D:3      | Bought a scroll of identify for 48 gold pieces
  1563 | D:3      | Bought a scroll of identify for 48 gold pieces
  1565 | D:3      | Gained mutation: You are frail. (-10% HP) [potion of
                  | mutation]
  1565 | D:3      | Gained mutation: You have an increased reservoir of magic.
                  | (+10% MP) [potion of mutation]
  1565 | D:3      | Gained mutation: You have hidden genetic potential. [potion
                  | of mutation]
  1895 | D:3      | Reached XP level 4. HP: 36/36 MP: 3/3
  1906 | D:3      | Gained mutation: You have sharp toenails. [hidden
                  | potential]
  1960 | D:3      | Noticed Sigmund
  1969 | D:3      | Killed Sigmund
  1970 | D:3      | Reached XP level 5. HP: 16/42 MP: 4/4
  1970 | D:3      | Reached XP level 6. HP: 19/49 MP: 5/5
  1983 | D:3      | Reached skill level 5 in Fighting
  1983 | D:3      | Reached skill level 5 in Shields
  1984 | D:3      | Gained mutation: You are partially covered in large bone
                  | plates. (SH +4) [hidden potential]
  1984 | D:3      | Lost mutation: You have hidden genetic potential. [hidden
                  | potential expressed]
  2392 | D:3      | Reached skill level 5 in Armour
  2552 | D:4      | Found a sand-covered staircase.
  2557 | Ossuary  | Entered an ossuary
  2953 | D:4      | Reached XP level 7. HP: 54/54 MP: 6/6
  3333 | D:5      | Entered Level 5 of the Dungeon
  3498 | D:5      | Reached skill level 5 in Axes
  3949 | D:5      | Found a staircase to the Ecumenical Temple.
  4057 | Temple   | Entered the Ecumenical Temple
  4238 | Temple   | Became a worshipper of Warmaster Okawaru
  4497 | D:6      | Noticed a steam dragon
  4502 | D:6      | HP: 1/56 [steam dragon/ball of steam (18)]
  4506 | D:6      | Killed a steam dragon
  4507 | D:6      | Reached XP level 8. HP: 54/63 MP: 7/7
  4606 | D:6      | Noticed Prince Ribbit
  4621 | D:6      | Killed Prince Ribbit
  4622 | D:6      | Reached skill level 5 in Dodging
  5070 | D:7      | Reached * piety under Okawaru
  5244 | D:7      | Reached XP level 9. HP: 63/71 MP: 8/8
  5449 | D:7      | Found a shimmering altar of Xom.
  5578 | D:7      | Reached ** piety under Okawaru
  6240 | D:8      | Found a shimmering blue altar of Sif Muna.
  6287 | D:8      | HP: 3/72 [centaur/arrow (3)]
  6287 | D:8      | Shot with an arrow by a centaur

Illustrated notes

Levels and vault maps discovered:
D:1:      dpeg_arrival_tiny_g, layout_loops_ring,
          hellmonk_ecumenical_altar_slurped_away
D:2:      kennysheep_big_flooded_room, layout_basic, grunt_ministairs_15
D:3:      layout_loops_cross, serial_shops, shop, uniq_sigmund
D:4:      layout_loops_ring, nicolae_ossuary_entry_plus
D:5:      layout_basic, temple_pool_b, hangedman_decor_peaks_small
D:6:      layout_rooms, uniq_prince_ribbit1
D:7:      layout_basic, dk_xom_monty_hall, minmay_small_thing
D:8:      layout_basic, nicolae_sif_muna_little_library, hex_medium,
          centaur_isle
Temple:   mainiacjoe_temple_big_plus

Skill      XL: |  1  2  3  4  5  6  7  8  9 |
---------------+----------------------------+-----
Dodging        | 1 2 3 4 5 6 |  6.4
Fighting       | 4 5 6 7 8 |  8.1
Armour         | 4 5 6 7 8 |  8.0
Shields        | 4 5 6 7 8 |  8.1
Axes           | 3 4 5 6 7 |  7.5

Action                   |  1- 3 |  4- 6 |  7- 9 || total
-------------------------+-------+-------+-------++-------
Melee: War axe           |    83 |    73 |   162 ||   318
       Headbutt          |    13 |     8 |    19 ||    40
       Kick              |       |    15 |    39 ||    54
Evoke: Wand              |       |       |     2 ||     2
  Use: Scroll            |    16 |     4 |     4 ||    24
       Potion            |     1 |       |     2 ||     3
Armor: Scale mail        |    59 |    20 |    71 ||   150
Dodge: Dodged            |    53 |    20 |    62 ||   135
Block: Buckler           |    21 |    19 |    93 ||   133

Table legend: (Time is in decaauts)
 A = Elapsed time spent in this place.
 B = Non-inter-level travel time spent in this place.
 C = Inter-level travel time spent in this place.
 D = Time resting spent in this place.
 E = Time spent auto-exploring this place.
 F = Levels seen in this place.
 G = Mean time per level.
                   A        B        C        D        E       F      G
               +--------+--------+--------+--------+--------+-----+--------+
         Total |   6381 |   6148 |    233 |    101 |   4808 |  10 |  638.1 |
       Dungeon |   5926 |   5716 |    210 |    101 |   4625 |   8 |  740.8 |
        Temple |    203 |    181 |     22 |      0 |    172 |   1 |  203.0 |
       Ossuary |    251 |    251 |      0 |      0 |     11 |   1 |  251.0 |
               +--------+--------+--------+--------+--------+-----+--------+

Top non-repeatable levels by time:
     D:3: 965 daAuts
     D:5: 919 daAuts
     D:7: 866 daAuts
     D:2: 824 daAuts
     D:1: 708 daAuts
     D:4: 643 daAuts
     D:6: 603 daAuts
     D:8: 396 daAuts
 Ossuary: 251 daAuts
  Temple: 203 daAuts
